 Dungeon Crawl Stone Soup version 0.26-a0-75-ga645b5fb18 (webtiles) character file.

Game seed: 6157718308655642506

0 Gargoyl the Skirmisher (level 1, -20/19 HPs)
             Began as a Centaur Abyssal Knight on June 15, 2020.
             Was a Follower of Lugonu.
             Killed from afar by a wretched star (39 damage)
             ... with a lance of force
             ... on level 2 of the Abyss.
             The game lasted 00:00:26 (178 turns).

Gargoyl the Skirmisher (Centaur Abyssal Knight)      Turns: 178, Time: 00:00:26

Health: -20/19     AC:  4    Str: 14    XL:     1   Next: 0%
Magic:  2/2        EV:  9    Int: 11    God:    Lugonu [*.....]
Gold:   7          SH:  0    Dex:  8    Spells: 0/0 levels left

rFire    . . .     SeeInvis .   a - +1 hand axe
rCold    . . .     Gourm    .   (no shield)
rNeg     . . .     Faith    .   b - +0 leather armour
rPois    .         Spirit   .   (no helmet)
rElec    .         Reflect  .   (no cloak)
rCorr    .         Harm     .   (no gloves)
MR       .....                  (no barding)
Stlth    ..........             (no amulet)
HPRegen  0.06/turn              (no ring)
MPRegen  0.08/turn              (no ring)

@: confused, very quick
A: large, hooves 3, deformed body, speed 2, tough skin 3, [no potion heal 2]
a: Depart the Abyss, Renounce Religion


You were on level 2 of the Abyss.
You worshipped Lugonu.
Lugonu was aware of your devotion.
You were not hungry.

You visited 0 branches of the dungeon, and saw 0 of its levels.
You visited the Abyss 1 time.

You collected 7 gold pieces.

Inventory:

Hand Weapons
 a - a +1 hand axe (weapon)
Armour
 b - a +0 leather armour (worn)
Comestibles
 c - a ration


   Skills:
 + Level 3.0 Fighting
 + Level 1.7 Axes
 + Level 1.3 Armour
 + Level 0.6 Dodging
 + Level 2.0 Invocations


You couldn't memorise any spells.
You didn't know any spells.
Your spell library was empty.

Dungeon Overview and Level Annotations

Branches:
Dungeon (0/15)

Altars:


Innate Abilities, Weirdness & Mutations

You have hooves in place of feet.
Armour fits poorly on your strangely shaped body.
You cover ground very quickly.
You have extremely tough skin. (AC +3)
[Potions are poor at restoring your health.]


Message History

The golden eye blinks at you.
You are more confused.
The golden eye blinks!
You miss the golden eye. You barely miss the wretched star.
The golden eye blinks at you.
You are more confused.
The wretched star pulses with an eldritch light!
Your system partially rejects the healing effects of potions.
Your system mostly rejects the healing effects of potions.
You completely miss the golden eye. You kick the golden eye.
The golden eye is moderately wounded.
You hit the wretched star but do no damage.
The golden eye blinks at you.
You are more confused.
The golden eye blinks at you.
You are more confused.
The wretched star glows turbulently.
The lance of force hits you!!!
Ouch! That really hurt!
You die...

## .#.#....
≈ #
#..##...####
.#.##
..#...#### ≈
.# . .####
...### . ≈#
.#
##....#.## #
≈ ..
#.#.#..# # .
≈.#.# #
#.#X####.# .
≈≈... #
.#.#*##.# ##
#.@#..#.#
#G#######
#.. ..#.
...#. #...
## ###


You could see a tentacled starspawn, a wretched star and a golden eye.

Vanquished Creatures (others)
  2 starspawn tentacles (Abyss:2)
2 creatures vanquished.

Notes
Turn   | Place    | Note
-------+----------+-------------------------------------------
     0 | Abyss:1  | Gargoyl the Centaur Abyssal Knight began the quest for the
                  | Orb.
     0 | Abyss:1  | Reached XP level 1. HP: 19/19 MP: 2/2
    78 | Abyss:2  | Noticed a ynoxinul
   139 | Abyss:2  | Noticed a small abomination
   141 | Abyss:2  | Noticed a tentacled starspawn
   147 | Abyss:2  | Noticed a large abomination
   152 | Abyss:2  | Noticed a wretched star
   170 | Abyss:2  | Noticed a golden eye
   170 | Abyss:2  | Noticed a golden eye
   178 | Abyss:2  | Killed from afar by a wretched star

Illustrated notes

Levels and vault maps discovered:
Abyss:2:  onia_ninara_dug_in_and_dangerous, minivault_25_ag, minivault_25_ag,
          hangedman_abyss_town

Action                   || total
-------------------------++-------
Melee: Hand axe          ||     4
       Kick              ||     1
  Use: Scroll            ||     1

Table legend:
 A = Non-vault XP
 B = Vault XP
 C = Vault XP percentage of total XP
 D = Non-vault monster count
 E = Vault monster count
 F = Vault count percentage of total count
                 A         B        C        D         E       F
            +---------+---------+-------+---------+---------+-------
      Total |       0 |       0 |   N/A |       0 |       0 |  -nan
            +---------+---------+-------+---------+---------+-------
            +---------+---------+-------+---------+---------+-------
